 Dungeon Crawl Stone Soup version 0.24-a0-361-g57161393b2 (webtiles) character file.

Game seed: 6563937471292325914

23037 HAL9000 the Covert (level 13, 0/70 HPs)
             Began as a Vine Stalker Assassin on May 26, 2019.
             Was a High Priest of Dithmenos.
             Succumbed to a black mamba's poison
             ... on level 3 of the Lair of Beasts.
             The game lasted 00:39:28 (14887 turns).

HAL9000 the Covert (Vine Stalker Assassin)         Turns: 14887, Time: 00:39:29

Health: 0/70       AC: 13    Str: 21    XL:     13   Next: 4%
Magic:  27/27      EV: 11    Int: 12    God:    Dithmenos [*****.]
Gold:   1026       SH:  0    Dex: 17    Spells: 30/30 levels left

rFire    + + .     SeeInvis +   J - +2 short sword (venom)
rCold    . . .     Gourm    .   (no shield)
rNeg     + . .     Faith    .   D - +1 ring mail of Eternity {rF++ rCorr Str+4 SInv}
rPois    .         Spirit   +   j - +0 helmet
rElec    .         Reflect  .   q - +2 cloak
rCorr    +         Harm     .   (no gloves)
MR       +....                  p - +0 pair of boots
Stlth    ++++++++..             (no amulet)
HPRegen  1.01/turn              c - ring of positive energy
MPRegen  0.20/turn              (no ring)

@: lethally poisoned (0 -> -2), wreathed by umbra
A: fangs 3, molten scales 1, camouflage 1, deformed body, regeneration 2, magic
shield, antimagic bite, no potion heal 3, rot immunity
a: Shadow Step, Shadow Form, Renounce Religion


You were on level 3 of the Lair of Beasts.
You worshipped Dithmenos.
Dithmenos was extremely pleased with you.
You were not hungry.

You visited 3 branches of the dungeon, and saw 14 of its levels.
You also visited: Ossuary.

You collected 1026 gold pieces.

Inventory:

Hand Weapons
 a - a +2 dagger
 o - a +0 rapier
 J - a +2 short sword of venom (weapon)
Missiles
 d - 44 poisoned darts
 n - a throwing net (quivered)
 v - 11 curare-tipped darts
 C - 2 boomerangs
Armour
 j - a +0 helmet (worn)
 p - a +0 pair of boots (worn)
 q - a +2 cloak (worn)
 D - the +1 ring mail of Eternity (worn) {rF++ rCorr Str+4 SInv}
   (You found it on level 4 of the Dungeon)

   It affects your strength (+4).
   It greatly protects you from fire.
   It lets you see invisible.
   It provides partial protection from all sources of acid and corrosion.
Jewellery
 c - a ring of positive energy (left hand)
 e - an uncursed ring of ice
Wands
 b - a wand of random effects (38)
 K - a wand of iceblast (10)
Scrolls
 i - 2 scrolls of enchant weapon {unknown}
 k - 9 scrolls of remove curse
 l - 2 scrolls of fog {unknown}
 m - 2 scrolls of teleportation
 r - a scroll of vulnerability {unknown}
 u - 3 scrolls of immolation {unknown}
 x - 2 scrolls of blinking {unknown}
 y - 2 scrolls of magic mapping {unknown}
 E - 2 scrolls of enchant armour {unknown}
 H - a scroll of random uselessness {unknown}
Potions
 g - 4 potions of lignification
 h - a potion of invisibility
 s - a potion of ambrosia
 t - 3 potions of flight
 w - a potion of haste
 A - a potion of might
 B - a potion of resistance
Comestibles
 f - 25 rations
 I - a chunk of flesh


   Skills:
 - Level 9.0 Fighting
 - Level 10.0 Short Blades
 + Level 6.7 Throwing
 + Level 7.3 Armour
 - Level 0.7 Dodging
 - Level 11.0 Stealth
 - Level 9.0 Spellcasting


You had 30 spell levels left.
You didn't know any spells.
Your spell library was empty.

Dungeon Overview and Level Annotations

Branches:
Dungeon (9/15)             Temple (1/1) D:4            Lair (4/6) D:8
  Swamp (0/4) Lair:3        Snake (0/4) Lair:2
    Orc: D:9-12

Altars:
Ashenzari
Cheibriados
Dithmenos
Elyvilon
Fedhas
Gozag
Hepliaklqana
Kikubaaqudgha
Makhleb
Nemelex Xobeh
Okawaru
Qazlal
Ru
Sif Muna
Trog
Uskayaw
Vehumet
Wu Jian
Xom
Yredelemnul
Zin
The Shining One

Annotations:
D:8 3 runed translucent doors, Toogi's ghost, novice MiCj
Lair:2 Rupert


Innate Abilities, Weirdness & Mutations

You have razor-sharp teeth.
You heal very quickly.
When hurt, damage is shared between your health and your magic reserves.
Your bite disrupts and absorbs the magic of your enemies.
Potions cannot restore your health.
You are immune to rotting.
You are partially covered in molten scales. (AC +2)
Your skin changes colour to match your surroundings (Stealth+).
Armour fits poorly on your strangely shaped body.


Message History

You feel sick.
It was a potion of magic.
Magic courses through your body.
* * * LOW HITPOINT WARNING * * *
You feel sick.
Unknown command.
It was a potion of mutation.
You feel extremely strange.
Your skin functions as natural camouflage.
Your body twists and deforms.
Molten scales grow over part of your body.
* * * LOW HITPOINT WARNING * * *
You feel sick.
There is a lethal amount of poison in your body!
There is a lethal amount of poison in your body!
* * * LOW HITPOINT WARNING * * *
You feel sick.
* * * LOW HITPOINT WARNING * * *
You feel sick.
* * * LOW HITPOINT WARNING * * *
You feel sick.
You die...

...#.#.+## ##.####.####..##
#######.# #P.## ### #### #.##
##..# #####..# #..## ###P#.##'###
##..# ### #..........# ### ##.#
##.# #........<######.###.+###
#... ..........##............####
#...
#...........(...@........#.###...
.>........#................#.#...
#.†.......#.............#P...+...
#.........#.......<.....###P.#...
#.........#............## ###..).
..........#............# ##...
#..PP#..#.#............# ##.##
#.......####.P#....#.### #.#.#
..###.############....### #####


There were no monsters in sight!

Vanquished Creatures
  Fannar (Lair:3)
  2 hydras
  A two-headed ogre (D:9)
  Sonja (Lair:3)
  6 elephants
  A manticore (D:9)
  A torpor snail (Lair:2)
  4 black mambas
  7 spiny frogs
  A rime drake (Lair:3)
  2 komodo dragons
  A troll (D:9)
  2 dream sheep (Lair:2)
  5 hippogriffs
  8 blink frogs
  2 bog bodies (Lair:3)
  Sigmund (D:2)
  A wyvern (D:8)
  2 hungry ghosts (D:8)
  5 basilisks
  9 yaks
  Grum (D:8)
  Eustachio (D:4)
  Menkaure (D:7)
  6 nagas
  9 water moccasins
  6 porcupines
  3 black bears
  An ice beast (D:4)
  2 sky beasts (D:5)
  5 ogres
  A necrophage (D:7)
  2 centaurs
  8 crocodiles
  2 wolves (D:7)
  12 bullfrogs
  2 scorpions
  5 killer bees
  3 howler monkeys
  A crimson imp (D:7)
  A quasit (D:8)
  6 hounds
  2 bullfrog zombies
  A centaur zombie (D:7)
  5 jellies
  3 orc priests
  A bullfrog skeleton (D:4)
  2 iguanas
  5 orc wizards
  Crazy Yiuf (D:6)
  A centaur skeleton (D:5)
  Jessica (D:3)
  4 worker ants
  Natasha (D:3)
  2 hound skeletons
  8 mummies (Ossuary)
  A worker ant zombie (D:9)
  7 adders
  3 gnolls (D:7)
  A howler monkey skeleton (D:7)
  4 shadow imps
  7 oozes
  An adder zombie (D:6)
  An adder simulacrum (D:9)
  8 leopard geckos
  23 orcs
  10 giant cockroaches
  2 gnoll zombies (Ossuary)
  3 goblins
  11 hobgoblins
  10 jackals
  4 quokkas
  5 ball pythons
  7 bats
  2 frilled lizards
  3 hobgoblin zombies (Ossuary)
  6 kobolds
  2 kobold zombies (Ossuary)
  An orc zombie (Ossuary)
  2 quokka zombies
  8 rats
  A rat zombie (D:6)
  A plant (Lair:1)
  A toadstool (D:1)
313 creatures vanquished.

Vanquished Creatures (others)
  5 fungi
  4 plants
  3 toadstools (D:1)
12 creatures vanquished.

Grand Total: 325 creatures vanquished

Notes
Turn   | Place    | Note
-------+----------+-------------------------------------------
     0 | D:1      | HAL9000 the Vine Stalker Assassin began the quest for the
                  | Orb.
     0 | D:1      | Reached XP level 1. HP: 11/11 MP: 2/2
    98 | D:1      | Reached XP level 2. HP: 14/15 MP: 1/3
   592 | D:1      | Reached XP level 3. HP: 18/18 MP: 4/4
  1120 | D:2      | Noticed Sigmund
  1378 | D:2      | Found a white marble altar of Elyvilon.
  1425 | D:2      | Killed Sigmund
  1425 | D:2      | Reached skill level 5 in Short Blades
  1425 | D:2      | Gained mutation: Your natural rate of healing is unusually
                  | fast. [Vine Stalker growth]
  1425 | D:2      | Reached XP level 4. HP: 19/23 MP: 5/5
  1425 | D:2      | Reached XP level 5. HP: 21/26 MP: 6/6
  1594 | D:2      | Found an ornate altar of the Wu Jian Council.
  1899 | D:3      | Reached XP level 6. HP: 18/30 MP: 5/7
  2165 | D:3      | Found a shimmering altar of Xom.
  2165 | D:3      | Noticed Natasha
  2166 | D:3      | Found a hazy altar of Hepliaklqana.
  2166 | D:3      | Noticed a thorn hunter
  2167 | D:3      | Killed Natasha
  2168 | D:3      | Noticed a thorn hunter
  2168 | D:3      | Noticed a spectral ugly thing
  2194 | D:3      | Noticed Jessica
  2214 | D:3      | Killed Jessica
  2836 | D:4      | Noticed Eustachio
  2850 | D:4      | Killed Eustachio
  2850 | D:4      | Reached XP level 7. HP: 34/34 MP: 8/8
  2913 | D:4      | Found a staircase to the Ecumenical Temple.
  2922 | Temple   | Entered the Ecumenical Temple
  3111 | Temple   | Became a worshipper of Dithmenos the Shadowed
  3467 | D:4      | Found a deep blue altar of Sif Muna.
  3541 | D:4      | Found an iron altar of Okawaru.
  3591 | D:5      | Entered Level 5 of the Dungeon
  3781 | D:5      | Gained mutation: You have razor-sharp teeth. [Vine Stalker
                  | growth]
  3781 | D:5      | Reached XP level 8. HP: 31/38 MP: 6/9
  4864 | D:5      | Found a burning altar of Makhleb.
  4864 | D:5      | Noticed a cacodemon
  4867 | D:5      | Noticed an orange demon
  4949 | D:5      | Reached * piety under Dithmenos
  5083 | D:6      | Reached skill level 10 in Short Blades
  5150 | D:6      | Found a sand-covered staircase.
  5170 | Ossuary  | Entered an ossuary
  5194 | Ossuary  | Reached skill level 5 in Stealth
  5474 | D:6      | Reached skill level 6 in Stealth
  5474 | D:6      | Reached XP level 9. HP: 38/42 MP: 10/10
  5564 | D:6      | Reached ** piety under Dithmenos
  5724 | D:4      | Got a scorched ring mail
  5806 | D:6      | Identified the +1 ring mail of Eternity {rF++ rCorr Str+4
                  | SInv} (You found it on level 4 of the Dungeon)
  5890 | D:6      | Reached skill level 1 in Spellcasting
  5962 | D:6      | Found a runed translucent door.
  5963 | D:6      | Noticed Crazy Yiuf
  6195 | D:6      | Killed Crazy Yiuf
  6392 | D:7      | Noticed Menkaure
  6402 | D:7      | Killed Menkaure
  6537 | D:7      | Reached skill level 5 in Spellcasting
  7000 | D:8      | Noticed Grum
  7184 | D:7      | Reached *** piety under Dithmenos
  7197 | D:8      | Killed Grum
  7244 | D:6      | Reached XP level 10. HP: 33/46 MP: 21/23
  7325 | D:8      | Found a staircase to the Lair.
  7325 | D:8      | Noticed an elephant
  7407 | D:6      | Killed an elephant
  7615 | D:8      | Reached skill level 7 in Stealth
  7774 | D:8      | Reached skill level 1 in Armour
  8246 | D:8      | Reached skill level 8 in Stealth
  8283 | D:8      | Found a sparkling altar of Nemelex Xobeh.
  8468 | D:8      | Found a runed translucent gate.
  8468 | D:8      | Found a runed translucent gate.
  8469 | D:8      | Found a runed translucent gate.
  8489 | D:8      | Noticed Toogi's ghost (novice MiCj)
  8773 | D:9      | Reached skill level 9 in Stealth
  8776 | D:9      | Noticed a manticore
  8793 | D:9      | Killed a manticore
  8873 | D:9      | Found a shattered altar of Ashenzari.
  8896 | D:9      | Noticed a two-headed ogre
  8903 | D:9      | Killed a two-headed ogre
  8903 | D:9      | Reached skill level 10 in Stealth
  8903 | D:9      | Reached XP level 11. HP: 50/50 MP: 25/25
  9631 | Lair:1   | Entered Level 1 of the Lair of Beasts
  9993 | Lair:1   | Reached **** piety under Dithmenos
 10258 | Lair:1   | HP: 1/50 [poisoned by a spiny frog]
 10446 | Lair:1   | Reached skill level 11 in Stealth
 11456 | Lair:2   | Noticed an eight-headed hydra
 11463 | Lair:2   | Killed an eight-headed hydra
 11465 | Lair:2   | Reached skill level 5 in Fighting
 11730 | Lair:2   | Found a staircase to the Snake Pit.
 12132 | Lair:2   | Gained mutation: You heal very quickly. [Vine Stalker
                  | growth]
 12132 | Lair:2   | Reached XP level 12. HP: 55/63 MP: 26/26
 13488 | Lair:3   | Reached skill level 5 in Armour
 13530 | Lair:3   | Noticed an eight-headed hydra
 13632 | Lair:3   | Reached ***** piety under Dithmenos
 13715 | Lair:3   | Reached skill level 5 in Throwing
 13788 | Lair:3   | Found a staircase to the Swamp.
 13926 | Lair:3   | Noticed Rupert
 14216 | Lair:3   | Noticed Sonja
 14221 | Lair:3   | Noticed Fannar
 14235 | Lair:3   | Killed Sonja
 14250 | Lair:3   | Killed Fannar
 14515 | Lair:3   | Killed an eight-headed hydra
 14803 | Lair:4   | Reached XP level 13. HP: 56/70 MP: 22/27
 14882 | Lair:3   | HP: 3/70 [poisoned by a black mamba]
 14883 | Lair:3   | Gained mutation: Your skin changes colour to match your
                  | surroundings (Stealth+). [potion of mutation]
 14883 | Lair:3   | Gained mutation: Armour fits poorly on your strangely
                  | shaped body. [potion of mutation]
 14883 | Lair:3   | Gained mutation: You are partially covered in molten
                  | scales. (AC +2) [potion of mutation]
 14885 | Lair:3   | HP: 1/70 [poisoned by a black mamba]
 14887 | Lair:3   | Succumbed to a black mamba's poison

Levels and vault maps discovered:
D:1:      ldierk_water_garden, layout_loops_ring
D:2:      layout_basic, lemuel_doored_altar, elyvilon_altar_3,
          minmay_misc_feat_iff, uniq_sigmund
D:3:      lemuel_upstairs_altar, layout_basic, regret_index_temple_of_mockery,
          uniq_natasha, uniq_jessica
D:4:      layout_loops_ring, lemuel_blue_sif_altar, kennysheep_okawaru_gauntlet,
          minmay_temple_entry_large_hall, first_ration, minmay_crystal_room,
          uniq_eustachio
D:5:      layout_basic, makhleb_altar_promises_db, gup_sewer_entry_bowl
D:6:      layout_loops_ring, enter_ossuary_4, uniq_crazy_yiuf_cottage
D:7:      layout_basic, uniq_menkaure
D:8:      layout_cave_pools, marbit_many_paths, david_lair_generic,
          gammafunk_ghost_necromancy, hangedman_little_slice_of_home, uniq_grum
D:9:      layout_basic, kennysheep_mini_moat, wad_woods_river_04,
          lightli_fourway_metalbox
Temple:   nicolae_temple_figure_eight
Lair:1:   layout_cave_pods, chequers_serial_rivers_micro_c, serial_bayou_pond_c,
          hibernation_bobbens, infiniplex_staircase_pool
Lair:2:   layout_cave_pods, minmay_snake_entry_guardpost_large
Lair:3:   layout_roguey, skrybe_swamp_entry_bodies, uniq_rupert, uniq_sonja,
          uniq_fannar
Lair:4:   onia_ninara_swampy_vault, layout_gridlike

Skill      XL: |  1  2  3  4  5  6  7  8  9 10 11 12 |
---------------+-------------------------------------+-----
Short Blades   | 2 3 5 7 8 10 | 10.0
Stealth        | 6 10 11 | 11.0
Spellcasting   | 8 9 |  9.0
Armour         | 4 7 |  7.3
Throwing       | 4 6 |  6.7
Fighting       | 7 9 |  9.0
Dodging        | |  0.7

Action                   |  1- 3 |  4- 6 |  7- 9 | 10-12 | 13-15 || total
-------------------------+-------+-------+-------+-------+-------++-------
Melee: Dagger            |    72 |   141 |   429 |   926 |       ||  1568
       Bite              |    19 |    32 |   167 |   426 |     6 ||   650
       Short sword       |       |       |       |    33 |    16 ||    49
Throw: Dart              |     5 |     9 |    32 |    94 |       ||   140
       Boomerang         |       |       |     6 |    10 |       ||    16
       Throwing net      |       |       |       |     2 |       ||     2
  Use: Scroll            |       |     1 |     6 |     5 |       ||    12
       Potion            |       |       |     1 |     3 |     6 ||    10
 Stab: Sleeping          |     9 |     4 |    24 |    25 |       ||    62
       Invisible         |       |       |     8 |     3 |       ||    11
       Held in net/web   |       |       |       |     3 |       ||     3
       Distracted        |       |       |       |     1 |       ||     1
  Eat: Chunk             |     1 |     5 |    14 |    27 |       ||    47
       Ration            |       |       |       |     1 |       ||     1
Armor: Robe              |    10 |    30 |       |       |       ||    40
       Leather armour    |       |       |    25 |       |       ||    25
       Ring mail         |       |       |    44 |   239 |     5 ||   288
Dodge: Dodged            |    34 |    59 |   143 |   359 |     9 ||   604

Table legend:
 A = Non-vault XP
 B = Vault XP
 C = Vault XP percentage of total XP
 D = Non-vault monster count
 E = Vault monster count
 F = Vault count percentage of total count
                 A         B        C        D         E       F
            +---------+---------+-------+---------+---------+-------
      Total |   26553 |    6357 |  19.3 |     252 |      59 |  19.0
            +---------+---------+-------+---------+---------+-------
        D:1 |      44 |       0 |   0.0 |      24 |       0 |   0.0
        D:2 |      24 |     227 |  90.4 |      14 |       1 |   6.7
        D:3 |     187 |      72 |  27.8 |      25 |       2 |   7.4
        D:4 |     231 |     181 |  43.9 |       7 |       1 |  12.5
        D:5 |    1166 |       7 |   0.6 |      31 |       4 |  11.4
        D:6 |     567 |     600 |  51.4 |      16 |       4 |  20.0
        D:7 |    1424 |     705 |  33.1 |      32 |       5 |  13.5
        D:8 |    1341 |     747 |  35.8 |      20 |      12 |  37.5
        D:9 |    2251 |     128 |   5.4 |      10 |       3 |  23.1
     Lair:1 |    4746 |     351 |   6.9 |      20 |       2 |   9.1
     Lair:2 |    7490 |     821 |   9.9 |      27 |       5 |  15.6
     Lair:3 |    5965 |    2365 |  28.4 |      21 |       4 |  16.0
     Lair:4 |    1117 |       0 |   0.0 |       5 |       0 |   0.0
    Ossuary |       0 |     153 | 100.0 |       0 |      16 | 100.0
            +---------+---------+-------+---------+---------+-------
